 Dungeon Crawl Stone Soup version 0.28.0-53-g5a82cb258f (webtiles) character file.

Game seed: 2943444534861203647

470 buhh the Insei (level 7, -8/48 HPs)
             Began as an Octopode Transmuter on June 16, 2022.
             Mangled by Duvessa
             ... wielding a +2 short sword of speed
              (11 damage)
             ... on level 5 of the Dungeon.
             The game lasted 00:12:28 (5066 turns).

buhh the Insei (Octopode Transmuter)                Turns: 5066, Time: 00:12:29

Health: -8/48      AC:  1    Str:  9    XL:     7   Next: 9%
Magic:  14/19      EV: 13    Int: 23    God:
Gold:   134        SH:  0    Dex: 13    Spells: 0/10 levels left

rFire   . . .      SeeInvis .     - Unarmed
rCold   . . .      Faith    .   (no shield)
rNeg    . . .      Spirit   .   (helmet currently unavailable)
rPois   .          Reflect  .   (no amulet)
rElec   .          Harm     .   b - ring of magical power
rCorr   .          Rampage  .   e - +6 ring of intelligence
Will    .....                   (no ring)
Stlth   +++.......              (no ring)
HPRegen 0.16/turn               (no ring)
MPRegen 0.16/turn               (no ring)
                                (no ring)
                                (no ring)

@: appendages (expiring), freezing walls
A: tentacle spike 3, almost no armour, amphibious, 8 rings, camouflage 1,
gelatinous body 1, (nimble swimmer 1), tentacles
a: End Transformation


You were on level 5 of the Dungeon.
One of your tentacles had grown a beastly spike.
You visited 1 branch of the dungeon, and saw 5 of its levels.

You collected 134 gold pieces.

Inventory:

Armour
 k - a +2 hat (melded)
Jewellery
 b - a ring of magical power (left tentacle)
 e - a +6 ring of intelligence (right tentacle)
Wands
 f - a wand of flame (22)
Scrolls
 a - a scroll of brand weapon
 g - a scroll of identify {!d}
 i - a scroll of immolation {unknown}
 l - a scroll of vulnerability {unknown}
 m - 3 scrolls of fog {unknown}
 n - a scroll of summoning {unknown}
 q - a scroll of teleportation {unknown}
 r - a scroll of acquirement {unknown}
 Z - a scroll of enchant armour
Potions
 c - a potion of might {unknown}
 d - a potion of invisibility {unknown}
 h - a potion of resistance {unknown}
 j - a potion of attraction {unknown}
 o - 2 potions of flight {unknown}
 p - a potion of curing {unknown}


   Skills:
 - Level 4.0 Fighting
 - Level 2.0 Dodging
 - Level 1.0 Stealth
 - Level 5.0 Unarmed Combat
 - Level 2.0 Spellcasting
 - Level 2.0 Transmutations
 + Level 4.0 Ice Magic


You couldn't memorise any spells.
You knew the following spells:

 Your Spells              Type           Power      Damage    Failure   Level
a - Beastly Appendage     Tmut           22%        N/A       5%          1
b - Wereblood             Tmut           11%        N/A       9%          2
c - Frozen Ramparts       Ice            42%        1d6       7%          3
d - Ice Form              Ice/Tmut       16%        N/A       36%         4

Your spell library contained the following spells:

 Spells                   Type           Power      Damage    Failure   Level
 Magic Dart               Conj           8%         1d3       13%         1
 Call Imp                 Summ           2%         N/A       19%         2
 Corpse Rot               Necr/Air       4%         N/A       19%         2
 Spider Form              Tmut/Pois      6%         N/A       26%         3
 Call Canine Familiar     Summ           2%         N/A       36%         3
 Mephitic Cloud           Conj/Pois/Air  2%         N/A       36%         3
 Portal Projectile        Hex/Tloc       4%         N/A       36%         3
 Summon Ice Beast         Ice/Summ       11%        N/A       50%         4
 Dispel Undead            Necr           2%         3d7       77%         4
 Leda's Liquefaction      Hex/Erth       1%         N/A       77%         4
 Death Channel            Necr           1%         N/A       100%        6


Dungeon Overview and Level Annotations

Branches:
Dungeon (5/15)
 Temple: D:4-7

Altars:
Nemelex Xobeh
Yredelemnul

Annotations:
D:5 Dowan, Duvessa


Innate Abilities, Weirdness & Mutations

One of your tentacles has grown a beastly spike.
You cannot wear most types of armour.
You are amphibious.
You can wear up to eight rings at the same time.
Your skin changes colour to match your surroundings (Stealth+).
Your rubbery body absorbs attacks. (AC +1, EV +1)
((You are camouflaged when in or above water. (Stealth+)))
You have tentacles for arms and can constrict up to eight enemies at once.


Message History

You constrict Duvessa, but do no damage.
Dowan completely resists.
The wall freezes Dowan but does no damage.
The wall freezes Duvessa.
Duvessa completely misses you.
You tentacle-slap Duvessa but do no damage.
Duvessa is heavily wounded.
Your transformation is almost over.
The frozen ramparts melt away.
You constrict Duvessa, but do no damage.
Duvessa closely misses you.
Duvessa hits you with a +2 short sword of speed!
Dowan mumbles some strange words.
Dowan blinks!
Duvessa hits you with a +2 short sword of speed!
Casting: Beastly Appendage (safe; 5% risk of failure)
Confirm with . or Enter, or press ? or * to list all spells.
Casting: Frozen Ramparts (dangerous; 7% risk of failure)
Press: ? - help, Dir - look around, f - activate The walls around you are covered in ice.
You constrict Duvessa, but do no damage.
The wall freezes Duvessa.
Duvessa hits you with a +2 short sword of speed.
The wall freezes Duvessa.
Duvessa hits you with a +2 short sword of speed!
* * * LOW HITPOINT WARNING * * *
You tentacle-slap Duvessa.
You pierce Duvessa, but do no damage.
Your squeeze misses Duvessa.
Duvessa is severely wounded.
You constrict Duvessa, but do no damage.
The wall freezes Duvessa but does no damage.
Duvessa barely misses you.
The wall freezes Duvessa.
Duvessa hits you with a +2 short sword of speed!
* * * LOW HITPOINT WARNING * * *
You tentacle-slap Duvessa but do no damage.
You pierce Duvessa, but do no damage.
You squeeze Duvessa, but do no damage.
Duvessa is severely wounded.
You constrict Duvessa, but do no damage.
The wall freezes Duvessa.
Duvessa hits you with a +2 short sword of speed!
You die...

# #######.. .
#........ ...
#.......#
.....#####<.....#
#.†..@e§)....#..
########.(..#...
#.>..# ≈ #.e..#
#....# #...e#
###..# ..#


You could see Duvessa (fast).

Vanquished Creatures
  Sigmund (D:2)
  A howler monkey (D:4)
  A bullfrog skeleton (D:3)
  A hound (D:4)
  An iguana (D:4)
  An orc wizard (D:4)
  Robin (D:2)
  5 adders
  A worm (D:2)
  A dart slug (D:3)
  10 orcs
  5 endoplasms
  2 giant cockroaches (D:1)
  16 goblins
  11 hobgoblins
  3 jackals (D:4)
  4 quokkas
  5 ball pythons
  4 bats (D:2)
  3 frilled lizards
  9 kobolds
  5 rats
91 creatures vanquished.

Notes
Turn   | Place    | Note
-------+----------+-------------------------------------------
     0 | D:1      | buhh the Octopode Transmuter began the quest for the Orb.
     0 | D:1      | Reached XP level 1. HP: 13/13 MP: 3/3
   219 | D:1      | Reached XP level 2. HP: 17/18 MP: 3/5
   827 | D:1      | Found a faded altar of an unknown god.
  1077 | D:2      | Reached XP level 3. HP: 23/24 MP: 4/6
  1673 | D:2      | Noticed Robin
  1939 | D:2      | Reached XP level 4. HP: 30/30 MP: 7/7
  1947 | D:2      | Learned a level 2 spell: Wereblood
  2047 | D:2      | Killed Robin
  2323 | D:2      | Noticed Sigmund
  2478 | D:2      | Killed Sigmund
  2479 | D:2      | Reached skill level 4 in Unarmed Combat
  2479 | D:2      | Reached XP level 5. HP: 18/36 MP: 6/8
  2479 | D:2      | Reached XP level 6. HP: 22/42 MP: 6/9
  2838 | D:2      | Learned a level 3 spell: Frozen Ramparts
  3207 | D:3      | Found a large runed translucent door.
  3208 | D:3      | Found a large runed translucent door.
  4007 | D:3      | Found a basalt altar of Yredelemnul.
  4018 | D:3      | Found a sparkling altar of Nemelex Xobeh.
  4556 | D:4      | Reached skill level 5 in Unarmed Combat
  4766 | D:4      | Reached XP level 7. HP: 24/48 MP: 10/10
  4921 | D:4      | Learned a level 4 spell: Ice Form
  5046 | D:5      | Entered Level 5 of the Dungeon
  5046 | D:5      | Noticed Duvessa
  5046 | D:5      | Noticed Dowan
  5066 | D:5      | Mangled by Duvessa

Illustrated notes

Levels and vault maps discovered:
D:1:      heliophobic_arrival_glass_houses, layout_loops_ring,
          dreamdust_ecumenical_altar_hidden_monk_grotto, minmay_crystal_water,
          patterned_corridor
D:2:      layout_basic, grunt_decor_cap, uniq_sigmund, uniq_robin
D:3:      layout_basic, jmf_multi_god_temple2
D:4:      layout_basic, nicolae_figureground_pulse
D:5:      layout_basic, nicolae_ru_awakened_eye, gup_sewer_entry_spiral,
          minivault_26, serial_bayou_pond_c, minmay_holes, serial_bayou_pond_c,
          kennysheep_generic_room_3, uniq_duvessa, uniq_menkaure,
          uniq_blork_the_orc, uniq_crazy_yiuf_cottage

Skill      XL: |  1  2  3  4  5  6  7 |
---------------+----------------------+-----
Stealth        | 1 |  1.0
Fighting       | 2 3 4 |  4.0
Ice Magic      | 2 3 4 |  4.0
Unarmed Combat | 4 5 |  5.0
Dodging        | |  2.0
Spellcasting   | |  2.0
Transmutations | |  2.0

Action                   |  1- 3 |  4- 6 |  7- 9 || total
-------------------------+-------+-------+-------++-------
Melee: Unarmed           |    64 |    91 |     6 ||   161
       Constrict         |    21 |    22 |     1 ||    44
       Kick              |    20 |    23 |     4 ||    47
       Tentacles         |     8 |    14 |     3 ||    25
       Punch             |     2 |     3 |       ||     5
 Cast: Beastly Appendage |    26 |    25 |     1 ||    52
       Frozen Ramparts   |       |    12 |     3 ||    15
  Use: Scroll            |     2 |     2 |       ||     4
       Potion            |       |     3 |       ||     3
 Stab: Sleeping          |    11 |     6 |       ||    17
       Distracted        |       |     1 |       ||     1
Armor: Skin              |     1 |    13 |       ||    14
Dodge: Dodged            |    43 |    54 |     7 ||   104
